 Dungeon Crawl Stone Soup version 0.28.0-53-g5a82cb258f (webtiles) character file.

Game seed: 13010448981355158545

3182 veles2001 the Fighter (level 9, -4/85 HPs)
             Began as a Minotaur Abyssal Knight on June 10, 2022.
             Was an Elder of Lugonu.
             Slain by a five-headed hydra (5 damage)
             ... on level 8 of the Dungeon.
             The game lasted 00:15:50 (5964 turns).

veles2001 the Fighter (Minotaur Abyssal Knight)     Turns: 5964, Time: 00:15:50

Health: -4/85      AC:  8    Str: 23    XL:     9   Next: 64%
Magic:  10/10      EV: 13    Int:  7    God:    Lugonu [****..]
Gold:   416        SH:  0    Dex: 10    Spells: 8/8 levels left

rFire   . . .      SeeInvis .   k - +10 rapier of Okawaru's Approval {spect, rPois rN++}
rCold   . . .      Faith    .   (no shield)
rNeg    + + .      Spirit   .   m - +1 ring mail of a volcano {Stlth+}
rPois   +          Reflect  .   (helmet restricted)
rElec   .          Harm     .   (no cloak)
rCorr   .          Rampage  .   c - +0 pair of gloves
Will    .....                   (no boots)
Stlth   +.........              (no amulet)
HPRegen 0.24/turn               (no ring)
MPRegen 0.12/turn               (no ring)

@: no status effects
A: horns 2, retaliatory headbutt
a: Renounce Religion, Depart the Abyss, Bend Space, Banish, Corrupt


You were on level 8 of the Dungeon.
You worshipped Lugonu.
Lugonu was greatly pleased with you.
You visited 2 branches of the dungeon, and saw 9 of its levels.
You visited the Abyss 1 time.

You collected 416 gold pieces.

Inventory:

Hand Weapons
 a - a +1 falchion
 k - the +10 rapier of Okawaru's Approval (weapon) {spect, rPois rN++}
   (You found it on level 3 of the Dungeon)

   When its wielder attacks, the weapon's spirit leaps out and strikes again.
   The spirit shares a part of any damage it takes with its wielder.
   rPois:     It protects you from poison.
   rN:        It greatly protects you from negative energy.
Armour
 c - a +0 pair of gloves (worn)
 g - an orb of wrath
 m - the +1 ring mail of a volcano (worn) {Stlth+}
   (You found it on level 4 of the Dungeon)

   Stlth:     It makes you more stealthy.
Jewellery
 r - a +6 ring of intelligence
Wands
 l - a wand of flame (14)
 v - a wand of charming (4)
Scrolls
 f - 4 scrolls of teleportation
 j - a scroll of immolation
Potions
 b - a potion of haste
 d - a potion of ambrosia
 e - 2 potions of lignification
 h - a potion of curing
 i - 2 potions of attraction
 n - a potion of cancellation
 o - a potion of resistance
 p - a potion of berserk rage
 s - 2 potions of mutation
 t - a potion of heal wounds {unknown}
 u - a potion of brilliance {unknown}


   Skills:
 - Level 10.2 Fighting
 - Level 4.9(5.4) Short Blades
 - Level 3.6(5.0) Long Blades
 + Level 6.6 Armour
 * Level 8.7 Dodging
 + Level 2.7 Invocations


You had 8 spell levels left.
You didn't know any spells.
Your spell library contained the following spells:

 Spells                   Type           Power      Damage    Failure   Level
 Apportation              Tloc           0%         N/A       56%         1
 Ensorcelled Hibernation  Hex/Ice        0%         N/A       71%         2
 Call Canine Familiar     Summ           0%         N/A       91%         3
 Gell's Gravitas          Tloc           0%         N/A       91%         3
 Portal Projectile        Hex/Tloc       0%         N/A       91%         3
 Spider Form              Tmut/Pois      0%         N/A       91%         3
 Teleport Other           Tloc           0%         N/A       91%         3
 Anguish                  Hex/Necr       0%         N/A       100%        4
 Leda's Liquefaction      Hex/Erth       0%         N/A       100%        4
 Alistair's Intoxication  Tmut/Pois      0%         N/A       100%        5
 Dispersal                Tloc           0%         N/A       100%        6


Dungeon Overview and Level Annotations

Branches:
Dungeon (8/15)             Temple (1/1) D:5
   Lair: D:8-11

Altars:
Ashenzari
Cheibriados
Dithmenos
Elyvilon
Fedhas
Gozag
Hepliaklqana
Kikubaaqudgha
Makhleb
Nemelex Xobeh
Okawaru
Qazlal
Ru
Sif Muna
Trog
Uskayaw
Vehumet
Wu Jian
Xom
Yredelemnul
Zin
The Shining One


Innate Abilities, Weirdness & Mutations

You have a pair of horns on your head.
You reflexively headbutt those who attack you in melee.


Message History

The cyclops shouts!
You hear a roar!
The cyclops throws a large rock.
The large rock barely misses you.
A five-headed hydra comes into view.
The cyclops throws a large rock.
The large rock hits you!!
The cyclops throws a large rock.
The large rock hits you!!!
* * * LOW HITPOINT WARNING * * *
There is an open door here.
You fade into invisibility!
An orc comes into view. It is wielding a +0 short sword.
An orc wizard and an orc come into view.
The orc shouts!
The orc wizard shouts!
You hit the orc.
The orc is moderately wounded.
The orc wizard hits you with a +3 dagger.
* * * LOW HITPOINT WARNING * * *
The orc completely misses you.
You hit the orc wizard.
The orc wizard is moderately wounded.
Your +10 rapier of Okawaru's Approval {spect, rPois rN++} hits the orc wizard!
You kill the orc wizard!
Lugonu accepts your kill.
You puncture the orc!
You kill the orc!
Lugonu accepts your kill.
You flicker for a moment.
You flicker back into view.
The orc throws a boomerang.
The boomerang hits you but does no damage.
You open the door.
The orc throws a boomerang.
The boomerang hits you.
* * * LOW HITPOINT WARNING * * *
There is an open door here.
You feel better. The five-headed hydra bites you!
* * * LOW HITPOINT WARNING * * *
The five-headed hydra barely misses you.
The five-headed hydra bites you.
* * * LOW HITPOINT WARNING * * *
The five-headed hydra bites you!
* * * LOW HITPOINT WARNING * * *
The five-headed hydra bites you.
You die...

#.. #............
#.... #............
#... #...o........
#... #...)....C...
####...
#.##ยง##..####
#.....####.########
#.....#.....#
#.....Do....#
#....@#.....#
#.....#.....#
#.....#.....#
#.....#.....#
#.....#.....#
#.....#######
#######


You could see a five-headed hydra and an orc.

Vanquished Creatures
  2 trolls (D:8)
  2 water moccasins
  2 orc warriors (D:7)
  An ice beast (D:7)
  A black bear (D:7)
  A necrophage (D:4)
  2 phantoms
  3 centaurs
  A kobold brigand (D:5)
  A bullfrog (D:5)
  A scorpion (D:5)
  3 water moccasin zombies
  A water moccasin skeleton (D:7)
  4 wights (D:7)
  4 hounds
  2 gnoll shamans (D:5)
  6 orc priests
  A bullfrog skeleton (D:5)
  An iguana (D:4)
  5 orc wizards
  A killer bee zombie (D:8)
  7 adders
  6 gnolls (D:5)
  A white imp (D:7)
  An ufetubus (D:6)
  An adder skeleton (D:5)
  3 worms
  2 dart slugs (D:4)
  11 orcs
  4 bats
  7 endoplasms
  A giant cockroach (D:3)
  2 goblins (D:2)
  8 hobgoblins
  3 quokkas
  3 ball pythons
  2 frilled lizards
  10 kobolds
  A rat (D:3)
118 creatures vanquished.

Vanquished Creatures (collateral kills)
  A manticore (D:6)
  A howler monkey (D:6)
2 creatures vanquished.

Vanquished Creatures (others)
  11 plants (D:8)
11 creatures vanquished.

Grand Total: 131 creatures vanquished

Notes
Turn   | Place    | Note
-------+----------+-------------------------------------------
     0 | Abyss:1  | veles2001 the Minotaur Abyssal Knight began the quest for
                  | the Orb.
     0 | Abyss:1  | Reached XP level 1. HP: 19/19 MP: 1/1
    19 | D:1      | Escaped the Abyss
   149 | D:1      | Reached skill level 4 in Fighting
   280 | D:1      | Reached XP level 2. HP: 25/27 MP: 2/2
   326 | D:1      | Found a faded altar of an unknown god.
   626 | D:2      | Reached XP level 3. HP: 24/33 MP: 3/3
   813 | D:2      | Reached XP level 4. HP: 30/41 MP: 4/4
   871 | D:2      | Reached skill level 5 in Fighting
  1053 | D:2      | Reached ** piety under Lugonu
  1132 | D:2      | You fall into a shaft and drop 1 floor!
  1593 | D:3      | Identified the +10 rapier of Okawaru's Approval {spect,
                  | rPois rN++}
  1712 | D:3      | Reached XP level 5. HP: 48/48 MP: 5/5
  1898 | D:4      | Noticed a necrophage
  1902 | D:4      | Killed a necrophage
  1903 | D:4      | Reached skill level 1 in Short Blades
  2016 | D:4      | Reached XP level 6. HP: 56/57 MP: 6/6
  2017 | D:4      | Identified the +1 ring mail of a volcano {Stlth+}
  2279 | D:5      | Entered Level 5 of the Dungeon
  2293 | D:5      | Reached skill level 6 in Fighting
  2295 | D:5      | Reached *** piety under Lugonu
  2325 | D:5      | Reached skill level 5 in Armour
  2325 | D:5      | Reached XP level 7. HP: 62/63 MP: 7/7
  2599 | D:5      | Found a staircase to the Ecumenical Temple.
  2624 | Temple   | Entered the Ecumenical Temple
  3010 | D:5      | Found an ornate altar of the Wu Jian Council.
  3274 | D:6      | Noticed a manticore
  3285 | D:6      | Killed a manticore
  3286 | D:6      | Reached skill level 7 in Fighting
  3286 | D:6      | Reached skill level 5 in Dodging
  3286 | D:6      | Reached XP level 8. HP: 46/74 MP: 8/8
  3587 | D:6      | Reached skill level 8 in Fighting
  4379 | D:7      | Reached skill level 9 in Fighting
  4757 | D:7      | Reached XP level 9. HP: 79/83 MP: 9/9
  5051 | D:7      | Reached **** piety under Lugonu
  5072 | D:7      | Reached skill level 10 in Fighting
  5529 | D:8      | Noticed a troll
  5536 | D:8      | Killed a troll
  5558 | D:8      | Noticed a troll
  5782 | D:8      | Noticed a troll
  5787 | D:8      | Killed a troll
  5927 | D:8      | Noticed a cyclops
  5930 | D:8      | Noticed a five-headed hydra
  5964 | D:8      | HP: 1/85 [five-headed hydra (11)]
  5964 | D:8      | Slain by a five-headed hydra

Illustrated notes

Levels and vault maps discovered:
D:1:      tarquinn_simple_flora_water_e, layout_rooms,
          shapermc_ecumenical_altar_mp_highgroup
D:2:      layout_basic, hex_medium, kennysheep_small_spiral
D:3:      layout_loops_cross, hangedman_decor_clover_reticule
D:4:      layout_rooms, moated_statue
D:5:      layout_rooms, nicolae_wu_jian_glorious_leap,
          minmay_temple_entry_antechambers
D:6:      layout_loops_ring, kennysheep_small_square
D:7:      layout_basic
D:8:      layout_gridville, hellmonk_guarded_unrand_vines
Temple:   mainiacjoe_temple_circle_huts

Skill      XL: |  1  2  3  4  5  6  7  8  9 |
---------------+----------------------------+-----
Fighting       | 4 5 6 7 9 10 | 10.2
Invocations    | 2 |  2.7
Armour         | 3 4 5 6 |  6.6
Long Blades    | 3 |  3.6
Short Blades   | 2 3 4 |  4.9
Dodging        | 2 5 6 8 |  8.7

Action                   |  1- 3 |  4- 6 |  7- 9 || total
-------------------------+-------+-------+-------++-------
Melee: Falchion          |    42 |    56 |       ||    98
       Punch             |     1 |     2 |     2 ||     5
       Headbutt          |     2 |     9 |    15 ||    26
       Rapier            |       |    33 |    92 ||   125
Invok: Bend Space        |       |       |     1 ||     1
  Use: Scroll            |       |     5 |    12 ||    17
       Potion            |       |       |     6 ||     6
 Stab: Sleeping          |       |       |     1 ||     1
Armor: Leather armour    |     3 |       |       ||     3
       Ring mail         |    16 |    40 |    28 ||    84
Dodge: Dodged            |    20 |    43 |    60 ||   123
